 Dungeon Crawl Stone Soup version 0.30.1-4-g462c640d31 (webtiles) character file.

Game seed: 4134595339304724453

37 Logoto the Firebug (level 3, -5/26 HPs)
             Began as a Hill Orc Fire Elementalist on Aug 16, 2023.
             Killed from afar by Sigmund (12 damage)
             ... with a puff of flame
             ... on level 2 of the Dungeon.
             The game lasted 00:04:14 (1568 turns).

Logoto the Firebug (Hill Orc Fire Elementalist)     Turns: 1568, Time: 00:04:15

Health: -5/26      AC:  2    Str: 12    XL:     3   Next: 39%
Magic:  0/5        EV: 12    Int: 15    God:
Gold:   88         SH:  0    Dex: 11    Spells: 2/5 levels left

rFire   . . .        e - +0 whip
rCold   . . .        (no shield)
rNeg    . . .        a - +0 robe
rPois   .            (no helmet)
rElec   .            h - scarf {+Inv}
rCorr   .            (no gloves)
SInv    .            (no boots)
Will    .....        (no amulet)
Stlth   ++           (no ring)
HPRegen 0.24/turn    (no ring)
MPRegen 0.09/turn

%: no passive effects
@: no status effects
A: no striking features
a: Evoke Invisibility


You were on level 2 of the Dungeon.
You visited 1 branch of the dungeon, and saw 2 of its levels.

You collected 88 gold pieces.

Inventory:

Hand Weapons
 e - a +0 whip (weapon)
Armour
 a - a +0 robe (worn)
 h - a scarf of invisibility (worn)
 j - a +0 ring mail
Scrolls
 d - a scroll of enchant armour {unknown}
 f - a scroll of identify {unknown}
 g - a scroll of blinking {unknown}
 l - 2 scrolls of silence {unknown}
 m - 2 scrolls of immolation {unknown}
 o - a scroll of teleportation {unknown}
Potions
 b - a potion of magic
 c - a potion of berserk rage {unknown}
 i - 3 potions of heal wounds {unknown}
 k - a potion of curing {unknown}
 n - a potion of haste {unknown}
 p - a potion of degeneration {unknown}


   Skills:
 + Level 0.1 Maces & Flails
 + Level 2.0 Dodging
 + Level 1.9 Stealth
 + Level 1.7 Spellcasting
 + Level 1.0 Conjurations
 + Level 4.2 Fire Magic


You had 2 spell levels left.
You knew the following spells:

 Your Spells              Type           Power      Damage    Failure   Level
a - Foxfire               Conj/Fire      36%        2x1d5     8%          1
b - Scorch                Fire           26%        2d6       6%          2

Your spell library contained the following spells:

 Spells                   Type           Power      Damage    Failure   Level
 Inner Flame              Hex/Fire       7%         N/A       28%         3
 Volatile Blastmotes      Fire/Tloc      14%        2d11      28%         3
 Flame Wave               Conj/Fire      9%         2d6       61%         4


Dungeon Overview and Level Annotations

Branches:
Dungeon (2/15)

Altars:

Annotations:
D:2 Sigmund


Message History

You are very lightly contaminated with residual magic.
Nothing appears to happen.
Sigmund casts a spell at you.
You are confused.
Sigmund says, "Don't worry, I'll kill you fast."
You bump into the rock wall.
Sigmund is no longer more vulnerable to fire.
You bump into the rock wall.
Sigmund barely misses you.
You feel less confused.
Your magical contamination has completely faded away.
Casting: Scorch (safe; 6% risk of failure)
Confirm with . or Enter, or press ? or * to list all spells.
You conjure some foxfire!
The foxfire hits Sigmund.
Sigmund is heavily wounded.
The foxfire hits Sigmund.
Sigmund is severely wounded.
Casting: Foxfire (safe; 8% risk of failure)
Confirm with . or Enter, or press ? or * to list all spells.
You conjure some foxfire!
Sigmund misses you.
The foxfire hits Sigmund.
Sigmund is severely wounded.
The foxfire hits Sigmund.
Sigmund is almost dead.
Sigmund completely misses you.
You hit Sigmund.
Sigmund is almost dead.
You hit Sigmund but do no damage.
Sigmund is almost dead.
Sigmund points at you and mumbles some strange words.
The puff of flame hits you! Sigmund hits you with a +0 scythe!
* * * LOW HITPOINT WARNING * * *
You hit Sigmund but do no damage.
Sigmund is almost dead.
Casting: Foxfire (safe; 8% risk of failure)
Confirm with . or Enter, or press ? or * to list all spells.
You conjure some foxfire!
Sigmund gestures at you while chanting. The puff of flame hits you!
You die...

###### #.....# .....# #.###.#
####.# #...#.# #
#.###################.#.#'#### #
#.#...................#......# #
#.#.#################.#......# #.
#.#.# #)#......#
#..#.#.#################.#......#
...............@@...............>
#..#.#.###.....v.v..#............
#..#...# #.########.#.##########.
#. ....# #.#......#.#.#.......##.
........ #@#.###..#.#.#.#.###.##.
######.#.#.#<.....#.#.#.#...#.##.
#.#.#.#.######.#.......#.##. .#
#.#..........#.###(#.##.
#.###........#.....#.##.


You could see Sigmund (ally target).

Vanquished Creatures
  An adder (D:2)
  6 ball pythons (D:1)
  3 endoplasms (D:1)
  A giant cockroach (D:1)
  2 hobgoblins (D:1)
  2 kobolds
  A quokka (D:2)
  4 bats
  3 frilled lizards (D:1)
  5 rats (D:1)
28 creatures vanquished.

Vanquished Creatures (others)
  28 foxfires
28 creatures vanquished.

Grand Total: 56 creatures vanquished

Notes
Turn   | Place    | Note
-------+----------+-------------------------------------------
     0 | D:1      | Logoto the Hill Orc Fire Elementalist began the quest for
                  | the Orb.
     0 | D:1      | Reached XP level 1. HP: 14/14 MP: 3/3
   224 | D:1      | Reached XP level 2. HP: 20/20 MP: 2/4
   227 | D:1      | Learned a level 2 spell: Scorch
   838 | D:1      | Reached XP level 3. HP: 26/26 MP: 2/5
  1433 | D:2      | Reached skill level 4 in Fire Magic
  1535 | D:2      | Noticed Sigmund
  1568 | D:2      | Killed from afar by Sigmund

Illustrated notes

Levels and vault maps discovered:
D:1:      nicolae_arrival_washed_ashore, layout_basic, roderic_lattice_a
D:2:      layout_basic, uniq_sigmund

Skill      XL: |  1  2  3 |
---------------+----------+-----
Dodging        | 2 |  2.0
Fire Magic     | 4 |  4.2
Maces & Flails | |  0.1
Stealth        | |  1.9
Spellcasting   | |  1.7
Conjurations   | |  1.0

Action                     || total
---------------------------++-------
  Melee: Whip              ||    46
         Unarmed           ||     1
         Punch             ||     1
   Cast: Foxfire           ||    18
         Scorch            ||    11
   Stab: Sleeping          ||     3
 Armour: Robe              ||    13
  Dodge: Dodged            ||    57
